 Dungeon Crawl Stone Soup version 0.30-a0-870-gc5d4c5acee (webtiles) character file.

Game seed: 4051091419936459591

200 Grim the Slasher (level 5, 0/67 HPs)
             Began as a Minotaur Fighter on Mar 11, 2023.
             Succumbed to a gnoll's poison
             ... on level 3 of the Dungeon.
             The game lasted 00:04:32 (2409 turns).

Grim the Slasher (Minotaur Fighter)                 Turns: 2409, Time: 00:04:33

Health: 0/67       AC: 22    Str: 23    XL:     5   Next: 49%
Magic:  4/4        EV:  2    Int:  5    God:
Gold:   162        SH:  4    Dex:  9    Spells: 4/4 levels left

rFire   . . .      SeeInvis .    a - +0 long sword
rCold   . . .      Faith    .    c - +0 buckler
rNeg    + . .      Spirit   .    b - melded +0 scale mail
rPois   +          Reflect  .    (helmet currently unavailable)
rElec   .          Rampage  .    (cloak currently unavailable)
rCorr   .          NoTele   +    i - melded +1 pair of gloves
Will    .....                    j - melded +0 pair of boots
Stlth   +                        (no amulet)
HPRegen 0.31/turn                k - ring of positive energy
MPRegen 0.09/turn                (no ring)

@: mighty, lethally poisoned (0 -> -9), tree-form
A: stationary, stasis, torment immunity, boosted hp, (horns 2), (retaliatory
headbutt)
a: no special abilities


You were on level 3 of the Dungeon.
You were a tree.
You visited 1 branch of the dungeon, and saw 3 of its levels.

You collected 162 gold pieces.

Inventory:

Hand Weapons
 a - a +0 long sword (weapon)
Armour
 b - a +0 scale mail (melded)
 c - a +0 buckler (worn)
 i - a +1 pair of gloves (melded)
 j - a +0 pair of boots (melded)
Jewellery
 k - a ring of positive energy (left branch)
Scrolls
 e - 2 scrolls of identify {unknown}
 g - 3 scrolls of fear {unknown}
 l - a scroll of poison {unknown}
 m - a scroll of teleportation {unknown}
 p - a scroll of silence {unknown}
 q - a scroll of noise {unknown}
Potions
 d - a potion of might
 h - 2 potions of lignification
 n - a potion of brilliance {unknown}
 o - a potion of resistance {unknown}
 r - a potion of curing {unknown}


   Skills:
 - Level 3.6 Fighting
 * Level 6.0 Long Blades
 - Level 3.6 Armour
 + Level 5.1 Shields


You had 4 spell levels left.
You didn't know any spells.
Your spell library contained the following spells:

 Spells                   Type           Power      Damage    Failure   Level
 Sandblast                Erth           0%         2d4       56%         1
 Slow                     Hex            0%         N/A       56%         1
 Passwall                 Tmut/Erth      0%         N/A       71%         2
 Confusing Touch          Hex            0%         N/A       90%         3
 Ignite Poison            Fire/Tmut/Pois 0%         N/A       90%         3
 Ozocubu's Armour         Ice            0%         N/A       90%         3
 Stone Arrow              Conj/Erth      0%         3d7       90%         3
 Vampiric Draining        Necr           0%         2d6       90%         3
 Sticky Flame             Conj/Fire      0%         2d3       100%        4
 Metabolic Englaciation   Hex/Ice        0%         N/A       100%        5
 Simulacrum               Ice/Necr       0%         N/A       100%        6
 Ignition                 Fire           0%         3d3       100%        8


Dungeon Overview and Level Annotations

Branches:
Dungeon (3/15)

Altars:

Shops:
D:3 [


Innate Abilities, Weirdness & Mutations

You are a tree.
Your roots penetrate the ground, keeping you stationary.
You cannot be teleported.
You are immune to unholy pain and torment.
Your maximum health is greatly increased.
Your equipment is partially melded.
((You have a pair of horns on your head.))
((You reflexively headbutt those who attack you in melee.))


Message History

The gnoll barely misses you.
You hit the gnoll.
The gnoll is lightly wounded.
You block the gnoll's attack. x2
You slash the gnoll!
The gnoll is almost dead.
The gnoll hits you with a +0 halberd of venom.
You are poisoned.
You closely miss the gnoll.
The gnoll is almost dead.
You feel very sick.
The gnoll hits you with a +0 halberd of venom!
You are more poisoned.
You closely miss the gnoll.
The gnoll is almost dead.
You feel very sick.
The gnoll hits you with a +0 halberd of venom.
* * * LOW HITPOINT WARNING * * *
You are more poisoned.
You slash the gnoll!
You kill the gnoll!
* * * LOW HITPOINT WARNING * * *
You feel very sick.
Your Long Blades skill increases to level 6!
You closely miss the gnoll.
* * * LOW HITPOINT WARNING * * *
You feel very sick.
The gnoll hits you with a +1 heavy flail.
* * * LOW HITPOINT WARNING * * *
It was a potion of lignification.
You turn into a tree.
Your +1 pair of gloves melds into your body.
Your +0 pair of boots melds into your body.
Your +0 scale mail melds into your body.
Your roots penetrate the ground.
You feel very sick.
The gnoll hits you with a +1 heavy flail!
* * * LOW HITPOINT WARNING * * *
You slash the gnoll!
The gnoll is almost dead.
You die...

############## #.............
#############.#####..#####
########.....ggg♣..........##
.........############.######
....##........######...#
.......................#
##.#....#......##.....<#
#...##.#......#####...# #####
####...........# ##.## #....
#######........# #.# #....
..#####........# #.# #...)


You could see 2 gnolls and a goblin.

Vanquished Creatures
  A hound (D:3)
  2 gnolls (D:3)
  10 adders
  A dart slug (D:3)
  11 ball pythons
  6 bats
  6 endoplasms
  2 giant cockroaches (D:1)
  2 goblins (D:2)
  5 hobgoblins
  3 jackals (D:3)
  3 quokkas
  3 frilled lizards (D:1)
  3 kobolds
  4 rats
62 creatures vanquished.

Notes
Turn   | Place    | Note
-------+----------+-------------------------------------------
     0 | D:1      | Grim the Minotaur Fighter began the quest for the Orb.
     0 | D:1      | Reached XP level 1. HP: 19/19 MP: 0/0
    94 | D:1      | Reached skill level 3 in Long Blades
   198 | D:1      | Reached XP level 2. HP: 26/26 MP: 1/1
   237 | D:1      | Found a faded altar of an unknown god.
   905 | D:2      | Reached XP level 3. HP: 31/31 MP: 2/2
  1162 | D:2      | Reached skill level 4 in Long Blades
  1219 | D:2      | Reached XP level 4. HP: 39/39 MP: 3/3
  1294 | D:2      | Reached skill level 5 in Long Blades
  2118 | D:3      | Reached XP level 5. HP: 43/45 MP: 4/4
  2164 | D:3      | Found Wuiliagh's Armour Shop.
  2339 | D:3      | Reached skill level 5 in Shields
  2407 | D:3      | Reached skill level 6 in Long Blades
  2408 | D:3      | HP: 2/67 [gnoll/+1 heavy flail (12)]
  2409 | D:3      | Succumbed to a gnoll's poison

Illustrated notes

Levels and vault maps discovered:
D:1:      lemuel_arrival_cross, layout_loops_ring,
          shapermc_ecumenical_altar_starsandcircs
D:2:      layout_basic, minmay_snake_closets
D:3:      layout_rooms, serial_shops, shop_statue, hex_large,
          kennysheep_generic_room_14

Skill      XL: |  1  2  3  4  5 |
---------------+----------------+-----
Long Blades    | 3 4 5 6 |  6.0
Shields        | 4 5 |  5.1
Fighting       | |  3.6
Armour         | |  3.6

Action                     |  1- 3 |  4- 6 || total
---------------------------+-------+-------++-------
  Melee: Long sword        |    86 |    90 ||   176
         Headbutt          |    11 |    10 ||    21
  Throw: Dart              |    16 |    17 ||    33
    Use: Potion            |       |     2 ||     2
 Armour: Scale mail        |    43 |    38 ||    81
  Dodge: Dodged            |    51 |    59 ||   110
  Block: Buckler           |    20 |    28 ||    48

Table legend: (Time is in decaauts)
 A = Elapsed time spent in this place.
 B = Non-inter-level travel time spent in this place.
 C = Inter-level travel time spent in this place.
 D = Time resting spent in this place.
 E = Time spent auto-exploring this place.
 F = Levels seen in this place.
 G = Mean time per level.
                   A        B        C        D        E       F      G
               +--------+--------+--------+--------+--------+-----+--------+
         Total |   2448 |   2394 |     54 |    167 |   1697 |   3 |  816.0 |
       Dungeon |   2448 |   2394 |     54 |    167 |   1697 |   3 |  816.0 |
               +--------+--------+--------+--------+--------+-----+--------+

Top non-repeatable levels by time:
     D:2: 1325 daAuts
     D:1: 759 daAuts
     D:3: 363 daAuts
